 Dungeon Crawl Stone Soup version 0.25-a0-589-g1e14c549ee (webtiles) character file.

Game seed: 17719535048161193062, levelgen mode: deterministic

25 kae the Skirmisher (level 2, 0/24 HPs)
             Began as a Demonspawn Abyssal Knight on Mar 11, 2020.
             Was a Follower of Lugonu.
             Slain by a kobold
             ... wielding a +1 short sword of electrocution
              (18 damage)
             ... on level 1 of the Dungeon.
             The game lasted 00:00:30 (714 turns).

kae the Skirmisher (Demonspawn Abyssal Knight)       Turns: 714, Time: 00:00:30

Health: 0/24       AC:  3    Str: 12    XL:     2   Next: 82%
Magic:  4/4        EV: 11    Int: 13    God:    Lugonu [*.....]
Gold:   16         SH:  0    Dex: 12    Spells: 1/1 levels left

rFire    . . .     SeeInvis .   a - +1 mace
rCold    . . .     Gourm    .   (no shield)
rNeg     . . .     Faith    .   b - +0 leather armour
rPois    .         Spirit   .   (no helmet)
rElec    .         Reflect  .   (no cloak)
rCorr    .         Harm     .   (no gloves)
MR       .....                  (no boots)
Stlth    +.........             (no amulet)
HPRegen  0.08/turn              (no ring)
MPRegen  0.09/turn              (no ring)

@: no status effects
A: sturdy frame 1
a: Depart the Abyss, Renounce Religion


You were on level 1 of the Dungeon.
You worshipped Lugonu.
Lugonu was aware of your devotion.
You were not hungry.

You visited 1 branch of the dungeon, and saw 1 of its levels.
You visited the Abyss 1 time.

You collected 16 gold pieces.

Inventory:

Hand Weapons
 a - a +1 mace (weapon)
Armour
 b - a +0 leather armour (worn)
Scrolls
 d - a scroll of magic mapping {unknown}
 e - 3 scrolls of enchant weapon {unknown}
 f - a scroll of identify {unknown}
 g - a scroll of enchant armour {unknown}
 h - a scroll of random uselessness {unknown}
Comestibles
 c - 2 rations
 i - a chunk of flesh


   Skills:
 + Level 3.2 Fighting
 * Level 2.3 Maces & Flails
 + Level 2.1 Armour
 - Level 0.8 Dodging
 + Level 2.9 Invocations


You had one spell level left.
You didn't know any spells.
Your spell library was empty.

Dungeon Overview and Level Annotations

Branches:
Dungeon (1/15)

Altars:


Innate Abilities, Weirdness & Mutations

Your movements are slightly less encumbered by armour. (ER -2)


Message History

A goblin comes into view.
The goblin shouts!
The goblin hits you but does no damage.
There are monsters nearby!
You hit the goblin.
You kill the goblin!
Lugonu accepts your kill.
A kobold comes into view.
It is wielding a +1 short sword of electrocution.
The kobold shouts!
You see here a +0 club.
The goblin barely misses you.
You hit the goblin.
You kill the goblin!
Lugonu accepts your kill.
A kobold is nearby!
You closely miss the kobold.
The kobold hits you with a +1 short sword of electrocution.
You are electrocuted!!
Ouch! That really hurt!
You die...

.# #####+##'###
#.......... #.........#
#.........# #.........#
.. #......K..# ...
#......@..+...
#.........#.# #.
.......)....# #.. ####
.##.........####..###...
# #.....................
#.##......%..###.........
#.....>..................
####.........###.........
#............# ........#


You could see a kobold.

Vanquished Creatures
  2 dart slugs (D:1)
  2 bats (D:1)
  4 giant cockroaches (D:1)
  3 goblins (D:1)
  3 hobgoblins (D:1)
  2 kobolds (D:1)
  3 rats (D:1)
19 creatures vanquished.

Notes
Turn   | Place    | Note
-------+----------+-------------------------------------------
     0 | Abyss:1  | kae the Demonspawn Abyssal Knight began the quest for the
                  | Orb.
     0 | Abyss:1  | Reached XP level 1. HP: 18/18 MP: 2/2
    51 | Abyss:1  | Noticed a large abomination
    52 | D:1      | Escaped the Abyss
   279 | D:1      | Gained mutation: Your movements are slightly less
                  | encumbered by armour. (ER -2) [demonic ancestry]
   279 | D:1      | Reached XP level 2. HP: 21/24 MP: 4/4
   402 | D:1      | Reached * piety under Lugonu
   714 | D:1      | Slain by a kobold

Levels and vault maps discovered:
D:1:      scummos_arrival_star, layout_basic, fountainhead,
          minmay_misc_feat_alley

Skill      XL: |  1  2 |
---------------+-------+-----
Maces & Flails | 2 |  2.3
Armour         | 2 |  2.1
Fighting       | |  3.2
Dodging        | |  0.8
Invocations    | |  2.9

Action                   || total
-------------------------++-------
Melee: Mace              ||    52
Invok: Depart the Abyss  ||     1
Armor: Leather armour    ||    30
Dodge: Dodged            ||    37

Table legend:
 A = Non-vault XP
 B = Vault XP
 C = Vault XP percentage of total XP
 D = Non-vault monster count
 E = Vault monster count
 F = Vault count percentage of total count
                 A         B        C        D         E       F
            +---------+---------+-------+---------+---------+-------
      Total |      36 |       0 |   0.0 |      19 |       0 |   0.0
            +---------+---------+-------+---------+---------+-------
        D:1 |      36 |       0 |   0.0 |      19 |       0 |   0.0
            +---------+---------+-------+---------+---------+-------
